 Dungeon Crawl Stone Soup version 0.30-a0-1035-g38d5fb2972 (webtiles) character file.

Game seed: 4790605321268538609

2296 Pooter the Twirler (level 9, 0/79 HPs)
             Began as a Minotaur Monk on Apr 8, 2023.
             Was a Priest of Okawaru.
             Slain by a vampire (2 damage)
             ... on level 8 of the Dungeon.
             The game lasted 00:27:10 (5881 turns).

Pooter the Twirler (Minotaur Monk)                  Turns: 5881, Time: 00:27:10

Health: 0/79       AC: 13    Str: 26    XL:     9   Next: 17%
Magic:  5/8        EV: 10    Int:  7    God:    Okawaru [***...]
Gold:   534        SH:  0    Dex: 13    Spells: 8/8 levels left

rFire   . . .      SeeInvis .    D - +0 battleaxe
rCold   . . .      Faith    .    (shield currently unavailable)
rNeg    . . .      Spirit   .    h - +0 plate armour
rPois   .          Reflect  .    (helmet restricted)
rElec   .          Rampage  .    (no cloak)
rCorr   .                        (no gloves)
Will    +....                    p - +0 pair of boots
Stlth   +                        v - amulet of regeneration
HPRegen 1.13/turn                y - ring of willpower
MPRegen 0.11/turn                B - +6 ring of strength

@: heroic
A: horns 2, retaliatory headbutt
a: Renounce Religion, Heroism


You were on level 8 of the Dungeon.
You worshipped Okawaru.
Okawaru was most pleased with you.
You visited 1 branch of the dungeon, and saw 7 of its levels.
You also visited: Sewer.

You collected 534 gold pieces.

Inventory:

Hand Weapons
 a - a +0 lajatang of venom
   (You found it in a sewer)
 i - a +3 vampiric whip
   (You took it off a kobold on level 1 of the Dungeon)
 A - a +0 hand axe
 D - a +0 battleaxe (weapon)
   (You took it off an orc warrior on level 8 of the Dungeon)
Missiles
 d - 4 boomerangs (quivered)
 w - 14 poisoned darts
 Q - 79 stones
Armour
 h - a +0 plate armour (worn)
   (You found it on level 1 of the Dungeon)
 p - a +0 pair of boots (worn)
   (You found it on level 3 of the Dungeon)
Jewellery
 v - an amulet of regeneration (around neck)
   (You found it on level 4 of the Dungeon)
 y - a ring of willpower (left hand)
   (You found it on level 5 of the Dungeon)
 B - a +6 ring of strength (right hand)
   (You found it on level 6 of the Dungeon)
 W - a ring of wizardry
   (You found it on level 1 of the Dungeon)
Wands
 f - a wand of flame (12)
   (You found it on level 8 of the Dungeon)
Scrolls
 g - a scroll of immolation {!r}
 k - 4 scrolls of fear
 m - a scroll of noise {!r}
 q - 3 scrolls of blinking
 r - a scroll of enchant armour {unknown}
 s - a scroll of poison {unknown}
 t - 2 scrolls of teleportation {@r4}
 u - a scroll of summoning {unknown}
 z - 2 scrolls of amnesia
 C - a scroll of brand weapon {unknown}
Potions
 b - 3 potions of attraction {!q}
 c - 2 potions of ambrosia
 e - 2 potions of mutation {!q}
 j - 2 potions of might {unknown}
 l - 2 potions of lignification {unknown}
 n - a potion of heal wounds {unknown}
 o - 3 potions of brilliance {unknown}
 x - 4 potions of curing {unknown}


   Skills:
 + Level 7.4(12.4) Fighting
 - Level 6.0(11.0) Axes
 * Level 7.6(12.6) Staves
 - Level 2.3(7.3) Throwing
 - Level 3.2(8.2) Dodging
 * Level 7.0(12.0) Stealth


You had 8 spell levels left.
You didn't know any spells.
Your spell library contained the following spells:

 Spells                   Type           Power      Damage    Failure   Level
 Apportation              Tloc           0%         N/A       99%         1
 Kiss of Death            Conj/Necr      0%         2d5       99%         1
 Necrotise                Necr           0%         1d4       99%         1
 Cigotuvi's Dreadful Rot  Necr/Pois/Air  0%         N/A       100%        2
 Sublimation of Blood     Necr           0%         N/A       100%        2
 Wereblood                Tmut           0%         N/A       100%        2
 Confusing Touch          Hex            0%         N/A       100%        3
 Inner Flame              Hex/Fire       0%         N/A       100%        3
 Dispel Undead            Necr           0%         3d6       100%        4
 Petrify                  Tmut/Erth      0%         N/A       100%        4
 Irradiate                Conj/Tmut      0%         3d11      100%        5
 Iskenderun's Battlesphe  Conj           0%         2d6       100%        5
 Yara's Violent Unravell  Hex/Tmut       0%         3d3       100%        5
 Iron Shot                Conj/Erth      0%         9d1       100%        6
 Enfeeble                 Hex            0%         N/A       100%        7
 Summon Small Mammal      Summ           Unusable   N/A       N/A         1
 Death Channel            Necr           Unusable   N/A       N/A         6
 Spellforged Servitor     Conj/Summ      Unusable   N/A       N/A         7
 Summon Hydra             Summ           Unusable   N/A       N/A         7

Dungeon Overview and Level Annotations

Branches:
Dungeon (6/15)              Sewer (visited)
 Temple: D:4-7

Altars:
Cheibriados
Elyvilon
Hepliaklqana
Nemelex Xobeh
Okawaru
Qazlal
Trog
Zin


Innate Abilities, Weirdness & Mutations

You have a pair of horns on your head.
You reflexively headbutt those who attack you in melee.


Message History

Okawaru accepts your kill.
You gain the combat prowess of a mighty hero.
The vampire hits you but does no damage.
The vampire bites you.
The vampire draws strength from your injuries!
You slash the vampire! Your headbutt misses the vampire.
The vampire mumbles some strange words.
The vampire flickers and vanishes!
Deactivating autopickup; reactivate with Ctrl-A.
Something hits you but does no damage. Something bites you.
Something draws strength from your injuries!
You hit something. Your headbutt misses something.
Something hits you but does no damage. Something bites you.
Something draws strength from your injuries!
You miss something. Something hits you. Something bites you but does no damage.
You hit something but do no damage. You headbutt something. Something hits you.
Something bites you but does no damage.
You hit something but do no damage. Something hits you but does no damage.
Something bites you.
Something draws strength from your injuries!
You slash something! Your headbutt misses something.
Something draws life force from you!
You barely miss something. Your headbutt misses something.
Something hits you but does no damage. Something bites you but does no damage.
Something draws life force from you!
You slice something!! You headbutt something.
You feel like a meek peon again. Something draws life force from you!
* * * LOW HITPOINT WARNING * * *
You gain the combat prowess of a mighty hero.
Something draws life force from you!
* * * LOW HITPOINT WARNING * * *
You hit something. Something draws life force from you!
* * * LOW HITPOINT WARNING * * *
You hit something. Something hits you.
* * * LOW HITPOINT WARNING * * *
Something bites you!
* * * LOW HITPOINT WARNING * * *
Something draws strength from your injuries!
You barely miss something. Something hits you but does no damage.
Something bites you.
You die...

#.###...#
#.........
#####.....###
#.##.###.#
#.......### #.##.#
*.# ####...##
#.##.#**.# ##..#
#.##.#*>.# #..#
**#.##.#*,** #..#
***,..##.#*,*
##.####,,..##*.#*,*
#.@{.####.* *,**,**
#<##..###.* *,**,,,
#.###..##.***,*,,**
***** #.#
##.##.,*,,,,,*
*,,,* #.#
#..#*,,,*,*,* *,,,*
#.# ##.###*,*,*,*
*,,,* #.#
#.[)#*,,,,,** *,,,*
#.# ##...V..)..,*
*,,,****#.#
#..##...)$,,


There were no monsters in sight!

Vanquished Creatures
  Prince Ribbit (D:5)
  A steam dragon (D:8)
  3 water moccasins
  An orc warrior (D:8)
  3 ice beasts (D:6)
  An ogre (D:4)
  3 bullfrogs
  A scorpion (D:6)
  3 wights (D:6)
  5 hounds
  5 jellies
  A sleepcap (D:5)
  Jessica (D:2)
  2 iguanas
  4 orc wizards
  11 adders
  3 gnolls (D:3)
  3 white imps
  3 worms
  3 dart slugs
  12 orcs
  13 ball pythons
  19 endoplasms
  10 giant cockroaches
  9 hobgoblins
  6 jackals
  6 quokkas
  4 bats
  8 frilled lizards
  6 goblins
  7 kobolds
  5 rats
163 creatures vanquished.

Notes
Turn   | Place    | Note
-------+----------+-------------------------------------------
     0 | D:1      | Pooter the Minotaur Monk began the quest for the Orb.
     0 | D:1      | Reached XP level 1. HP: 19/19 MP: 0/0
   114 | D:1      | Reached XP level 2. HP: 23/27 MP: 1/1
   574 | D:1      | Reached XP level 3. HP: 32/33 MP: 2/2
  1130 | D:2      | Reached skill level 1 in Throwing
  1456 | D:2      | Reached XP level 4. HP: 40/40 MP: 3/3
  1466 | D:2      | Noticed Jessica
  1475 | D:2      | Killed Jessica
  1728 | D:3      | Reached skill level 5 in Axes
  1733 | D:3      | Reached XP level 5. HP: 46/46 MP: 4/4
  1795 | D:3      | Found a bloodstained altar of Trog.
  2290 | D:4      | Found a glowing drain.
  2295 | Sewer    | Entered a sewer
  2571 | Sewer    | Reached XP level 6. HP: 25/53 MP: 5/5
  2765 | D:4      | Upgraded the game from 0.30-a0-1018-g25214051b3 to
                  | 0.30-a0-1035-g38d5fb2972
  2849 | D:4      | Reached skill level 5 in Fighting
  2849 | D:4      | Reached skill level 1 in Staves
  2870 | D:4      | Reached XP level 7. HP: 61/61 MP: 6/6
  3050 | D:4      | Found an iron altar of Okawaru.
  3050 | D:4      | Found a white marble altar of Elyvilon.
  3057 | D:4      | Became a worshipper of Warmaster Okawaru
  3057 | D:4      | Reached * piety under Okawaru
  3057 | D:4      | Reached ** piety under Okawaru
  3142 | D:4      | Found a snail-covered altar of Cheibriados.
  3386 | D:5      | Entered Level 5 of the Dungeon
  3595 | D:5      | Noticed Prince Ribbit
  3733 | D:5      | Reached skill level 5 in Stealth
  3791 | D:5      | Killed Prince Ribbit
  3792 | D:5      | Reached XP level 8. HP: 27/70 MP: 7/7
  3902 | D:5      | Found a sparkling altar of Nemelex Xobeh.
  3917 | D:5      | Found a hazy altar of Hepliaklqana.
  4003 | D:5      | Found a glowing silver altar of Zin.
  4064 | D:5      | Reached *** piety under Okawaru
  4065 | D:5      | Reached skill level 5 in Staves
  5578 | D:6      | Found a stormy altar of Qazlal.
  5715 | D:6      | Reached XP level 9. HP: 79/79 MP: 5/8
  5742 | D:6      | You fall into a shaft and drop 2 floors!
  5880 | D:8      | HP: 1/79 [something (8)]
  5881 | D:8      | Slain by a vampire

Illustrated notes

Levels and vault maps discovered:
D:1:      mrwooster_arrival_statue_2, layout_basic, minmay_tetromino_l4
D:2:      layout_loops_ring, st_stairs_14, uniq_jessica
D:3:      layout_basic, general_overflow_altar, serial_rivers,
          chequers_serial_rivers_micro_b, chequers_serial_rivers_room_b,
          chequers_serial_rivers_small_3, chequers_serial_rivers_small_b,
          chequers_serial_rivers_micro_c
D:4:      layout_basic, amethyst_overflow_temple_binary, slow_altar_2,
          cheibrodos_sewer_entry_drain, hangedman_decor_riveting
D:5:      layout_loops_cross, kennysheep_mini_moat, nzn_hepliaklqana_mist_gate,
          zin_academy, kennysheep_generic_room_13, uniq_prince_ribbit1
D:6:      cheibrodos_quashed, layout_loops_ring, lemuel_round_altar,
          serial_shops, nicolae_shop_competitors_out_of_business
D:8:      layout_rooms, uniq_joseph

Skill      XL: |  1  2  3  4  5  6  7  8  9 |
---------------+----------------------------+-----
Axes           | 4 5 6 |  6.0
Stealth        | 2 3 4 5 6 7 |  7.0
Fighting       | 4 5 6 7 |  7.4
Throwing       | 1 2 |  2.3
Staves         | 2 4 7 |  7.6
Dodging        | |  3.2

Action                     |  1- 3 |  4- 6 |  7- 9 || total
---------------------------+-------+-------+-------++-------
  Melee: Hand axe          |    41 |       |       ||    41
         Whip              |    62 |   124 |       ||   186
         Punch             |     1 |     2 |       ||     3
         Headbutt          |     3 |    19 |    28 ||    50
         Lajatang          |       |    16 |   146 ||   162
         Battleaxe         |       |       |    14 ||    14
  Throw: Boomerang         |     7 |    29 |    11 ||    47
         Dart              |       |       |     4 ||     4
 Invoke: Heroism           |       |       |     7 ||     7
    Use: Scroll            |     5 |     5 |     2 ||    12
         Potion            |       |       |     1 ||     1
 Armour: Robe              |     9 |       |       ||     9
         Plate armour      |    50 |   133 |    85 ||   268
  Dodge: Dodged            |    45 |    43 |    37 ||   125

Table legend: (Time is in decaauts)
 A = Elapsed time spent in this place.
 B = Non-inter-level travel time spent in this place.
 C = Inter-level travel time spent in this place.
 D = Time resting spent in this place.
 E = Time spent auto-exploring this place.
 F = Levels seen in this place.
 G = Mean time per level.
                   A        B        C        D        E       F      G
               +--------+--------+--------+--------+--------+-----+--------+
         Total |   5978 |   5842 |    136 |    967 |   3613 |   8 |  747.2 |
       Dungeon |   5454 |   5318 |    136 |    967 |   3259 |   7 |  779.1 |
         Sewer |    523 |    523 |      0 |      0 |    354 |   1 |  523.0 |
               +--------+--------+--------+--------+--------+-----+--------+

Top non-repeatable levels by time:
     D:5: 1714 daAuts
     D:1: 1072 daAuts
     D:4: 734 daAuts
     D:3: 601 daAuts
     D:2: 599 daAuts
     D:6: 591 daAuts
   Sewer: 523 daAuts
     D:8: 140 daAuts
